 Dungeon Crawl Stone Soup version 0.26-a0-810-ge1a9524b62 (webtiles) character file.

Game seed: 10177575042834007130

4400 domi the Thaumaturge (level 10, -2/79 HPs)
             Began as a Mummy Hedge Wizard on Nov 13, 2020.
             Was an Initiate of Gozag.
             Slain by a demonic crawler (3 damage)
             ... summoned by a deep elf mage
             ... on level 9 of the Dungeon.
             The game lasted 00:46:07 (12948 turns).

domi the Thaumaturge (Mummy Hedge Wizard)          Turns: 12948, Time: 00:46:07

Health: -2/79      AC:  8    Str: 13      XL:     10   Next: 13%
Magic:  6/24       EV: 10    Int: 16      God:    Gozag
Gold:   1114       SH:  4    Dex: 10 (13) Spells: 21/29 levels left

rFire    . . .     SeeInvis .   m - +5 short sword
rCold    + . .     Faith    .   h - +0 buckler
rNeg     + + +     Spirit   .   n - +0 swamp dragon scales
rPois    ∞         Reflect  .   i - +0 helmet
rElec    .         Harm     .   (no cloak)
rCorr    .         Rampage  .   (no gloves)
MR       ++...                  (no boots)
Stlth    +.........             g - amulet of regeneration {+regen, !d}
HPRegen  0.63/turn              s - ring of protection from magic {MR+}
MPRegen  0.19/turn              v - ring of protection from fire {rF+}

@: very slightly contaminated
A: no potions, fire vulnerability, cold resistance 1, negative energy resistance
3, torment resistance, unbreathing
a: Potion Petition, Call Merchant, Bribe Branch, Renounce Religion


You were on level 9 of the Dungeon.
You worshipped Gozag.
Gozag was most pleased with you.
You visited 2 branches of the dungeon, and saw 10 of its levels.

You collected 1550 gold pieces.
You paid 436 gold pieces to Gozag.

Inventory:

Hand Weapons
 m - a +5 short sword (weapon)
   (You took it off a goblin on level 3 of the Dungeon)
Missiles
 j - 21 poisoned darts (quivered)
 k - 7 boomerangs
Armour
 b - a +0 robe
 h - a +0 buckler (worn)
   (You found it on level 2 of the Dungeon)
 i - a +0 helmet (worn)
   (You found it on level 2 of the Dungeon)
 n - +0 swamp dragon scales (worn)
   (You took it off Maggie on level 9 of the Dungeon)
Magical Staves
 p - an uncursed staff of fire {unknown}
   (You found it on level 9 of the Dungeon)
Jewellery
 g - an amulet of regeneration (around neck) {+regen, !d}
   (You found it on level 2 of the Dungeon)
 r - an uncursed ring of resist corrosion {unknown}
   (You found it on level 9 of the Dungeon)
 s - a ring of protection from magic (left hand) {MR+}
   (You found it on level 5 of the Dungeon)
 v - a ring of protection from fire (right hand) {rF+}
   (You found it on level 8 of the Dungeon)
Wands
 u - a wand of digging (4)
   (You found it on level 8 of the Dungeon)
Scrolls
 a - 2 scrolls of fear
 c - 3 scrolls of enchant weapon
 d - 2 scrolls of identify {@r1}
 e - 4 scrolls of teleportation {@r4}
 f - 2 scrolls of remove curse
 l - 3 scrolls of noise {!r}
 o - 2 scrolls of immolation {!r!r}
 q - 4 scrolls of amnesia


   Skills:
 + Level 7.4 Fighting
 * Level 2.2 Armour
 - Level 1.5 Dodging
 - Level 1.5 Stealth
 - Level 4.0 Shields
 - Level 10.0 Spellcasting
 - Level 3.0 Conjurations
 - Level 3.0 Summonings
 - Level 3.0 Translocations
 - Level 3.0 Air Magic
 - Level 3.0 Poison Magic


You had 21 spell levels left.
You knew the following spells:

 Your Spells              Type           Power        Failure   Level
b - Blink                 Tloc           N/A          9%          2
c - Mephitic Cloud        Conj/Pois/Air  ###.....     17%         3
x - Call Imp              Summ           ###.....     9%          2
z - Magic Dart            Conj           ###.         5%          1

Your spell library contained the following spells:

 Spells                   Type           Power        Failure   Level
 Slow                     Hex            #.......     28%         2
 Conjure Flame            Conj/Fire      ##......     30%         3


Dungeon Overview and Level Annotations

Branches:
Dungeon (9/15)             Temple (1/1) D:4             Orc (0/2) D:9
   Lair: D:8-11

Altars:
Ashenzari
Dithmenos
Elyvilon
Fedhas
Gozag
Hepliaklqana
Kikubaaqudgha
Makhleb
Nemelex Xobeh
Okawaru
Qazlal
Ru
Sif Muna
Trog
Uskayaw
Vehumet
Wu Jian
Xom
Yredelemnul
Zin

Annotations:
D:4 3 runed translucent doors, frankcastle's ghost, amateur GnWn
D:6 3 runed translucent doors, Eustachio; Menkaure; pkoi's ghost, novice MiGl
D:9 exclusion: jelly, Joseph


Innate Abilities, Weirdness & Mutations

You do not drink.
Your flesh is vulnerable to fire.
You are immune to poison.
Your flesh is cold resistant. (rC+)
You are immune to negative energy. (rN+++)
You are immune to unholy pain and torment.
You can survive without breathing.


Message History

The deep elf mage closely misses your crimson imp.
The orange demon barely misses you. The ice devil hits you!
The ice devil freezes you. You resist.
You take 17 damage, and have 62/79 hp.
MASSIVE DAMAGE!!
You swap places.
Your crimson imp hits the ice devil but does no damage.
You block the ice devil's attack. The ice devil hits your crimson imp!
Your crimson imp dies!
You barely miss the deep elf mage.
The deep elf mage seems less confused.
The deep elf mage casts a spell.
The deep elf mage blinks!
The orange demon stings you from afar.
You take 4 damage, and have 60/79 hp.
Aim: a deep elf mage, wielding a +0 dagger (almost dead)
You miscast Magic Dart.
You are very lightly contaminated with residual magic.
Nothing appears to happen.
You block the orange demon's attack.
The deep elf mage mumbles some strange words.
The ice devil hits you but does no damage.
You now have 13/24 mp.
Unknown command.
Aim: a deep elf mage, wielding a +0 dagger (almost dead)
The ball explodes into a vile cloud!
The stinking cloud engulfs the deep elf mage but does no damage.
The orange demon stings you from afar.
The deep elf mage is engulfed in noxious fumes.
The deep elf mage appears confused.
The ice devil hits you. The ice devil freezes you! You resist.
You take 21 damage, and have 40/79 hp.
MASSIVE DAMAGE!!
You now have 11/24 mp.
Okay, then.
The orange demon disappears in a puff of smoke!
The hell rat bites you.
You take 3 damage, and have 37/79 hp.
The hell rat twitches its whiskers.
The demonic crawler closely misses you. x2; The demonic crawler hits you.
You take 4 damage, and have 33/79 hp.
The deep elf mage laughs at nothing.
The deep elf mage hits you but does no damage.
You hit the deep elf mage. The hell rat barely misses you.
The demonic crawler closely misses you.
The demonic crawler completely misses you.
The demonic crawler hits you.
The ice devil hits you but does no damage.
The hell rat barely misses you. The demonic crawler hits you!
The demonic crawler hits you.
The demonic crawler hits you but does no damage.
The deep elf mage hits you but does no damage.
Your magical contamination has completely faded away.
You take 7 damage, and have 26/79 hp.
You barely miss the deep elf mage. The demonic crawler hits you. x2
* * * LOW HITPOINT WARNING * * *
The demonic crawler hits you but does no damage.
The hell rat barely misses you.
The deep elf mage hits you but does no damage.
You take 6 damage, and have 20/79 hp.
You can't drink. [a] - 891 gold - heal wounds, curing, magic, lignification, might and resistance [b] - 125 gold - heal wounds [c] - 360 gold - brilliance and magic Purchase which effect?
You feel much better.
The deep elf mage seems less confused.
The demonic crawler hits you!
The demonic crawler hits you but does no damage. x2
The hell rat bites you but does no damage.
The deep elf mage hits you but does no damage.
You regained 12 hp, and now have 32/79 hp.
A beastly little devil appears in a puff of flame.
The demonic crawler hits you. The demonic crawler closely misses you.
The demonic crawler barely misses you. The hell rat bites you.
The demonic crawler barely misses you. x3
The deep elf mage hits you but does no damage.
You take 5 damage, and have 27/79 hp.
You now have 10/24 mp.
You miss the deep elf mage.
The ice devil disappears in a puff of smoke!
The hell rat closely misses you.
The demonic crawler closely misses you. x2
The demonic crawler hits you.
* * * LOW HITPOINT WARNING * * *
The deep elf mage hits you but does no damage.
The hell rat bites you!
* * * LOW HITPOINT WARNING * * *
Your crimson imp barely misses the deep elf mage.
You take 20 damage, and have 7/79 hp.
MASSIVE DAMAGE!!
Okay, then.
Unknown command.
You blink.
The deep elf mage hits you but does no damage.
Your crimson imp hits the deep elf mage.
You now have 9/24 mp.
Aim: a deep elf mage, wielding a +0 dagger (almost dead)
You miscast Mephitic Cloud.
You are very lightly contaminated with residual magic.
Nothing appears to happen.
The demonic crawler hits you!
* * * LOW HITPOINT WARNING * * *
The demonic crawler hits you.
You die...
Your body crumbles into a pile of gold.

.#..[...# #.......#
.#.#....# #.......#
.#.#..#.# #.#..##.#
.#......# #.#.....#
........# #.......#
##.#..#.# #.......#
..).....'.#....##r#
.....# #.'.....es#
#..#.# +.#.#..5@:#
.....# ###....##.#
...............##.#
......#...#.... #.#
...#......... ..#
............. ..#
.... ..... .#
...#..... .# #..


You could see a demonic crawler (summoned), a deep elf mage, a hell rat
(summoned) and a friendly crimson imp (summoned).

Vanquished Creatures
  A two-headed ogre (D:8)
  A hornet (D:7)
  A warg (D:8)
  An orc warrior (D:9)
  A sky beast (D:6)
  An ice beast (D:8)
  An ogre (D:4)
  5 centaurs
  4 bullfrogs
  Dowan (D:7)
  3 scorpions
  A killer bee (D:9)
  2 wights (D:8)
  4 howler monkeys
  A quasit (D:8)
  A jelly (D:9)
  4 hounds
  2 orc priests
  A bullfrog skeleton (D:4)
  6 worker ants
  A killer bee zombie (D:9)
  A hound skeleton (D:4)
  12 adders
  2 shadow imps
  2 oozes
  An adder skeleton (D:8)
  2 dart slugs
  9 leopard geckos
  11 orcs
  9 bats
  7 giant cockroaches
  6 goblins
  11 hobgoblins
  8 jackals
  4 quokkas
  2 frilled lizards
  10 kobolds
  2 leopard gecko skeletons
  A quokka skeleton (D:4)
  5 rats
148 creatures vanquished.

Vanquished Creatures (collateral kills)
  Maggie (D:9)
  A wyvern (D:8)
  3 wargs (D:7)
  A black bear (D:7)
  Duvessa (D:7)
  An orc warrior (D:7)
  A phantom (D:4)
  2 sky beasts (D:6)
  An ice beast (D:7)
  An ogre (D:8)
  A necrophage (D:9)
  2 centaurs
  2 bullfrogs
  A water moccasin skeleton (D:5)
  A scorpion (D:6)
  2 killer bees (D:9)
  2 wights (D:8)
  A howler monkey (D:8)
  A bullfrog skeleton (D:9)
  2 orc priests
  4 jellies
  An orc wizard (D:6)
  2 iguanas (D:7)
  3 worker ants
  2 adders (D:4)
  A shadow imp (D:5)
  An ufetubus (D:8)
  12 orcs
  A bat (D:1)
  A giant cockroach (D:6)
  A hobgoblin (D:1)
  3 jackals
60 creatures vanquished.

Grand Total: 208 creatures vanquished

Notes
Turn   | Place    | Note
-------+----------+-------------------------------------------
     0 | D:1      | domi the Mummy Hedge Wizard began the quest for the Orb.
     0 | D:1      | Reached XP level 1. HP: 13/13 MP: 5/5
    92 | D:1      | Reached skill level 1 in Conjurations
   113 | D:1      | HP: 2/13 [leopard gecko (3)]
   428 | D:1      | Reached XP level 2. HP: 19/19 MP: 2/7
   579 | D:1      | Learned a level 2 spell: Call Imp
   582 | D:1      | Learned a level 2 spell: Blink
  1016 | D:1      | Reached skill level 2 in Conjurations
  1168 | D:1      | Reached XP level 3. HP: 24/24 MP: 5/8
  1806 | D:2      | Found a white marble altar of Elyvilon.
  2118 | D:2      | Reached XP level 4. HP: 27/30 MP: 2/10
  2456 | D:2      | Found a hide-covered altar of Uskayaw.
  2909 | D:3      | Reached skill level 1 in Summonings
  3188 | D:3      | Reached skill level 5 in Spellcasting
  3188 | D:3      | Reached skill level 3 in Conjurations
  3553 | D:3      | Found a faded altar of an unknown god.
  3569 | D:3      | Reached XP level 5. HP: 32/35 MP: 12/12
  3574 | D:3      | Learned a level 3 spell: Mephitic Cloud
  3990 | D:3      | Found a sparkling altar of Nemelex Xobeh.
  4112 | D:4      | Reached skill level 1 in Shields
  4112 | D:4      | Reached skill level 2 in Summonings
  4353 | D:4      | Found a runed translucent gate.
  4353 | D:4      | Found a runed translucent gate.
  4353 | D:4      | Found a runed translucent gate.
  4355 | D:4      | Noticed an ogre
  4355 | D:4      | Noticed frankcastle's ghost (amateur GnWn)
  4414 | D:4      | Noticed a phantom
  4430 | D:4      | Reached XP level 6. HP: 34/41 MP: 6/14
  4560 | D:4      | Reached skill level 3 in Summonings
  4799 | D:4      | Reached skill level 2 in Shields
  4799 | D:4      | Reached skill level 6 in Spellcasting
  4866 | D:4      | Found a staircase to the Ecumenical Temple.
  4883 | Temple   | Entered the Ecumenical Temple
  5086 | Temple   | Became a worshipper of Gozag Ym Sagoz the Greedy
  5267 | D:4      | Reached XP level 7. HP: 39/46 MP: 9/16
  5855 | D:5      | Entered Level 5 of the Dungeon
  6175 | D:5      | Reached skill level 3 in Shields
  6491 | D:5      | Reached skill level 7 in Spellcasting
  6491 | D:5      | Reached skill level 1 in Air Magic
  6491 | D:5      | Reached skill level 1 in Poison Magic
  7367 | D:6      | Reached XP level 8. HP: 33/52 MP: 14/18
  7465 | D:6      | Found a runed translucent gate.
  7465 | D:6      | Found a runed translucent gate.
  7465 | D:6      | Found a runed translucent gate.
  7465 | D:6      | Found an opulent altar of Gozag.
  7467 | D:6      | Noticed pkoi's ghost (novice MiGl)
  7548 | D:6      | Noticed Eustachio
  7610 | D:6      | Reached skill level 2 in Air Magic
  7610 | D:6      | Reached skill level 2 in Poison Magic
  8238 | D:6      | Reached skill level 4 in Shields
  8310 | D:6      | Noticed Menkaure
  8643 | D:7      | Reached skill level 8 in Spellcasting
  8807 | D:7      | Reached skill level 3 in Air Magic
  8807 | D:7      | Reached skill level 3 in Poison Magic
  8867 | D:7      | Reached skill level 1 in Translocations
  9074 | D:7      | Noticed a hornet
  9098 | D:7      | Killed a hornet
  9098 | D:7      | Reached skill level 9 in Spellcasting
  9098 | D:7      | Reached skill level 2 in Translocations
  9230 | D:7      | Found a sparkling altar of Nemelex Xobeh.
  9299 | D:7      | Reached XP level 9. HP: 52/57 MP: 19/22
  9398 | D:7      | Noticed Duvessa
  9453 | D:7      | Noticed Dowan
  9658 | D:7      | Killed Duvessa
  9689 | D:7      | Killed Dowan
  9704 | D:7      | Reached skill level 3 in Translocations
  9778 | D:7      | Found an opulent altar of Gozag.
  9821 | D:7      | Found an ornate altar of the Wu Jian Council.
 10172 | D:8      | Noticed a two-headed ogre
 10206 | D:8      | Killed a two-headed ogre
 10206 | D:8      | Reached skill level 3 in Fighting
 10206 | D:8      | Reached skill level 10 in Spellcasting
 10380 | D:8      | Reached skill level 4 in Fighting
 10534 | D:8      | Reached skill level 5 in Fighting
 10682 | D:8      | Found a sacrificial altar of Ru.
 10808 | D:8      | Found a broken altar of Ashenzari.
 10808 | D:8      | Found a blossoming altar of Fedhas.
 11217 | D:8      | Reached skill level 6 in Fighting
 11474 | D:9      | Noticed Maggie
 11573 | D:9      | Killed Maggie
 11879 | D:9      | Reached skill level 7 in Fighting
 12057 | D:9      | Noticed Joseph
 12068 | D:9      | Reached XP level 10. HP: 46/79 MP: 18/24
 12083 | D:9      | HP: 18/79 [Joseph/+0 quarterstaff (14)]
 12089 | D:9      | HP: 15/79 [Joseph/sling bullet (6)]
 12099 | D:9      | HP: 19/79 [Joseph/sling bullet (3)]
 12226 | D:9      | Found a staircase to the Orcish Mines.
 12240 | D:8      | Reached skill level 1 in Armour
 12794 | D:9      | Reached skill level 2 in Armour
 12911 | D:9      | Noticed a deep elf mage
 12922 | D:9      | Noticed an orange demon
 12946 | D:9      | HP: 7/79 [hell rat[a deep elf mage] (15)]
 12948 | D:9      | HP: 1/79 [demonic crawler[a deep elf mage] (8)]
 12948 | D:9      | Slain by a demonic crawler

Illustrated notes

Levels and vault maps discovered:
D:1:      tarquinn_simple_flora_water_d, layout_loops_ring, st_stairs_4
D:2:      layout_loops_ring, nicolae_overflow_hidden_temple, elyvilon_altar_5
D:3:      layout_loops_ring, chequers_ecumenical_altar_island,
          nemelex_diamond_rough_becter
D:4:      layout_cave_pods, minmay_temple_entry_glassed_door,
          gammafunk_ghost_split, lightli_corner_chamber
D:5:      layout_basic
D:6:      minmay_evil_eye, layout_loops_ring, ebering_ghost_gozag,
          uniq_eustachio, uniq_menkaure
D:7:      layout_basic, kennysheep_mini_moat, lemuel_coloured_pillars_altar,
          nicolae_gozag_cash_rules_everything_around_me, uniq_duvessa
D:8:      layout_basic, kennysheep_mini,
          chequers_temple_overflow_statue_of_worship
D:9:      layout_stronghold, amethyst_overflow_temple_binary,
          minmay_orc_entry_guard_dogs, st_stairs_3, uniq_joseph, uniq_harold,
          uniq_maggie
Temple:   nicolae_temple_figure_eight

Skill      XL: |  1  2  3  4  5  6  7  8  9 10 |
---------------+-------------------------------+-----
Conjurations   | 1 2 3 |  3.0
Summonings     | 1 2 3 |  3.0
Spellcasting   | 5 6 7 9 10 | 10.0
Shields        | 1 2 3 4 |  4.0
Air Magic      | 1 3 |  3.0
Poison Magic   | 1 3 |  3.0
Translocations | 2 3 |  3.0
Fighting       | 7 |  7.4
Armour         | 2 |  2.2
Dodging        | |  1.5
Stealth        | |  1.5

Action                   |  1- 3 |  4- 6 |  7- 9 | 10-12 || total
-------------------------+-------+-------+-------+-------++-------
Melee: Dagger            |    33 |    15 |       |       ||    48
       Short sword       |       |   132 |   314 |    69 ||   515
Throw: Dart              |       |     6 |       |       ||     6
 Cast: Magic Dart        |   100 |    93 |    29 |       ||   222
       Call Imp          |     4 |    15 |   117 |    38 ||   174
       Mephitic Cloud    |       |       |    16 |     4 ||    20
       Blink             |       |       |     1 |     2 ||     3
Invok: Potion Petition   |       |       |       |     2 ||     2
Evoke: Wand              |       |       |     7 |       ||     7
  Use: Scroll            |       |       |    13 |     3 ||    16
 Stab: Sleeping          |       |     1 |     2 |       ||     3
       Distracted        |       |       |     7 |       ||     7
       Confused          |       |       |     3 |       ||     3
Armor: Robe              |    12 |    30 |    53 |       ||    95
       Swamp dragon scal |       |       |    10 |    54 ||    64
Dodge: Dodged            |    38 |   107 |   186 |    74 ||   405
Block: Buckler           |       |    23 |    80 |    26 ||   129

Table legend: (Time is in decaauts)
 A = Elapsed time spent in this place.
 B = Non-inter-level travel time spent in this place.
 C = Inter-level travel time spent in this place.
 D = Time resting spent in this place.
 E = Time spent auto-exploring this place.
 F = Levels seen in this place.
 G = Mean time per level.
                   A        B        C        D        E       F      G
               +--------+--------+--------+--------+--------+-----+--------+
         Total |  13025 |  12599 |    426 |   4720 |   5281 |  10 | 1302.5 |
       Dungeon |  12811 |  12413 |    398 |   4720 |   5099 |   9 | 1423.4 |
        Temple |    213 |    185 |     28 |      0 |    182 |   1 |  213.0 |
               +--------+--------+--------+--------+--------+-----+--------+

Top non-repeatable levels by time:
     D:7: 1862 daAuts
     D:1: 1700 daAuts
     D:8: 1677 daAuts
     D:4: 1501 daAuts
     D:6: 1458 daAuts
     D:5: 1356 daAuts
     D:2: 1340 daAuts
     D:3: 1125 daAuts
     D:9: 790 daAuts
  Temple: 213 daAuts

Table legend:
 A = Kills in this place as a percentage of kills in entire the game.
 B = Kills by you in this place as a percentage of kills by you in the entire game.
 C = Kills by friends in this place as a percentage of kills by friends in the entire game.
 D = Other kills in this place as a percentage of other kills in the entire game.
 E = Experience gained in this place as a percentage of experience gained in the entire game.
 F = Experience gained in this place divided by the number of levels of this place that you have seen.
                   A       B       C       D       E      F
               +-------+-------+-------+-------+-------+----------------------
         Total | 100.0 | 100.0 | 100.0 | 100.0 | 100.0 | 628.7
       Dungeon | 100.0 | 100.0 | 100.0 | 100.0 | 100.0 | 698.6
               +-------+-------+-------+-------+-------+----------------------
